 Dungeon Crawl Stone Soup version 0.25-a0-972-g74ed164fb1 (webtiles) character file.

Game seed: 6090726664095463725, levelgen mode: deterministic

36 Maedhros the Sneak (level 3, 0/23 HPs)
             Began as an Octopode Artificer on May 9, 2020.
             Succumbed to an adder's poison
             ... on level 2 of the Dungeon.
             The game lasted 00:01:35 (342 turns).

Maedhros the Sneak (Octopode Artificer)              Turns: 342, Time: 00:01:35

Health: 0/23       AC:  1    Str: 11    XL:     3   Next: 37%
Magic:  5/5        EV: 10    Int: 13    God:
Gold:   12         SH:  7    Dex: 13    Spells: 2/2 levels left

rFire    . . .     SeeInvis .   (no weapon)
rCold    . . .     Gourm    .   n - +0 kite shield
rNeg     . . .     Faith    .   (helmet restricted)
rPois    .         Spirit   .   (no amulet)
rElec    .         Reflect  .   (no ring)
rCorr    .         Harm     .   (no ring)
MR       .....                  (no ring)
Stlth    ++++......             (no ring)
HPRegen  0.07/turn              (no ring)
MPRegen  0.09/turn              (no ring)
                                (no ring)
                                (no ring)

@: lethally poisoned (0 -> -10), flying
A: almost no armour, stealthy swim, amphibious, 8 rings, constrict 8, camouflage
1, gelatinous body 1
a: no special abilities


You were on level 2 of the Dungeon.
You were not hungry.

You visited 1 branch of the dungeon, and saw 2 of its levels.

You collected 12 gold pieces.

Inventory:

Hand Weapons
 j - a +0 halberd
Armour
 n - a +0 kite shield (worn)
Wands
 b - a wand of flame (13)
 c - a wand of enslavement (15)
Scrolls
 e - a scroll of fog {unknown}
 g - a scroll of noise {unknown}
 h - a scroll of teleportation {unknown}
 m - a scroll of amnesia {unknown}
Comestibles
 f - 2 rations


   Skills:
 - Level 1.0 Fighting
   Level 1.0 Short Blades
 - Level 2.0 Dodging
 - Level 4.2 Stealth
 + Level 0.4 Shields
 * Level 0.8 Unarmed Combat
 - Level 3.2 Evocations


You had 2 spell levels left.
You didn't know any spells.
Your spell library was empty.

Dungeon Overview and Level Annotations

Branches:
Dungeon (2/15)

Altars:


Innate Abilities, Weirdness & Mutations

You cannot wear most types of armour.
You are very stealthy in the water. (Stealth+)
You are amphibious.
You can wear up to eight rings at the same time.
You can use your tentacles to constrict eight enemies at once.
Your skin changes colour to match your surroundings (Stealth+).
Your rubbery body absorbs attacks. (AC +1, EV +1)


Message History

* * * LOW HITPOINT WARNING * * *
You feel sick.
You hear a bark!
Evoke which item? (* to show all) (? for menu, Esc to quit)
Aiming: Throw Flame
Press: ? - help, Shift-Dir - straight line, f - jackal
Aim: a jackal The puff of flame hits the jackal.
You kill the jackal!
* * * LOW HITPOINT WARNING * * *
You feel sick.
* * * LOW HITPOINT WARNING * * *
You feel sick.
A jackal comes into view.
* * * LOW HITPOINT WARNING * * *
You feel sick.
Found 21 bolts.
* * * LOW HITPOINT WARNING * * *
You feel sick.
You die...

#.. . #.##.. . ...#
##. #.##.. #. #..#
#.. #.###. ...##..#
#.# #.# ##
.....#####.####.####
#.... ...##.....##
#.#.#####.##.###.##
..##.#.#...h†.....#
.##
.......@.#####.##.#
## .##....###
#.##... . ..(..##
#.###### .... #.#
... ... .. #.. .
####


You could see a jackal.

Vanquished Creatures
  A gnoll (D:1)
  An adder (D:2)
  A bat (D:1)
  3 goblins (D:1)
  A hobgoblin (D:2)
  4 jackals
  A ball python (D:1)
  2 frilled lizards (D:1)
  2 kobolds (D:1)
  2 rats (D:2)
18 creatures vanquished.

Notes
Turn   | Place    | Note
-------+----------+-------------------------------------------
     0 | D:1      | Maedhros the Octopode Artificer began the quest for the
                  | Orb.
     0 | D:1      | Reached XP level 1. HP: 13/13 MP: 3/3
    29 | D:1      | Reached skill level 2 in Stealth
    93 | D:1      | Reached XP level 2. HP: 16/18 MP: 4/4
   103 | D:1      | Reached skill level 3 in Stealth
   176 | D:1      | Reached skill level 4 in Stealth
   273 | D:2      | Reached XP level 3. HP: 18/23 MP: 5/5
   341 | D:2      | HP: 1/23 [poisoned by an adder]
   342 | D:2      | Succumbed to an adder's poison

Illustrated notes

Levels and vault maps discovered:
D:1:      minmay_arrival_checkered_box, layout_loops_cross
D:2:      minmay_chambers_of_twos, layout_loops_ring, uniq_sigmund

Skill      XL: |  1  2 |
---------------+-------+-----
Stealth        | 2 4 |  4.2
Fighting       | |  1.0
Short Blades   | |  1.0
Dodging        | |  2.0
Shields        | |  0.4
Unarmed Combat | |  0.8
Evocations     | |  3.2

Action                   || total
-------------------------++-------
Melee: Short sword       ||    13
       Constrict         ||    10
       Halberd           ||    19
       Tentacles         ||     5
       Unarmed           ||    10
Evoke: Wand              ||     2
  Use: Potion            ||     2
 Stab: Sleeping          ||     5
Dodge: Dodged            ||    30
Block: Kite shield       ||     1

Table legend:
 A = Non-vault XP
 B = Vault XP
 C = Vault XP percentage of total XP
 D = Non-vault monster count
 E = Vault monster count
 F = Vault count percentage of total count
                 A         B        C        D         E       F
            +---------+---------+-------+---------+---------+-------
      Total |      52 |       0 |   0.0 |      18 |       0 |   0.0
            +---------+---------+-------+---------+---------+-------
        D:1 |      33 |       0 |   0.0 |      13 |       0 |   0.0
        D:2 |      19 |       0 |   0.0 |       5 |       0 |   0.0
            +---------+---------+-------+---------+---------+-------
